 Dungeon Crawl Stone Soup version 0.31-a0-995-g04711c9635 (webtiles) character file.

Game seed: 9939111374365928175

13402 Pixllover the Severer (level 12, -5/110 HPs)
             Began as a Hill Orc Monk on Nov 6, 2023.
             Was a High Priest of Beogh.
             Slain by an alligator skeleton (7 damage)
             ... in a volcano.
             The game lasted 00:26:16 (12307 turns).

Pixllover the Severer (Hill Orc Monk)              Turns: 12307, Time: 00:26:17

Health: -5/110     AC: 23    Str: 19    XL:     12   Next: 5%
Magic:  12/12      EV: 13    Int: 10    God:    Beogh [*****.]
Gold:   938        SH:  0    Dex: 18    Spells: 11/11 levels left

rFire   . . .        O - +2 war axe (venom)
rCold   . . .        d - orb {light}
rNeg    . . .        w - +9 scale mail "Tiata" {Dex+5}
rPois   .            a - +0 hat
rElec   .            R - +2 cloak
rCorr   .            (no gloves)
SInv    .            l - +1 pair of boots
Will    .....        (no amulet)
Stlth   +            (no ring)
HPRegen 0.38/turn    (no ring)
MPRegen 0.13/turn

%: no passive effects
@: glowing
A: walk on water
a: Renounce Religion, Smiting, Recall Orcish Followers, Give Item to Named
Follower


You were in a volcano.
You worshipped Beogh.
Beogh was extremely pleased with you.
You visited 3 branches of the dungeon, and saw 13 of its levels.
You also visited: Ossuary and Volcano.

You collected 1050 gold pieces.
You spent 112 gold pieces at shops.

Inventory:

Hand Weapons
 O - a +2 war axe of venom (weapon)
Missiles
 m - 7 datura-tipped darts (quivered)
 G - 12 poisoned darts
 H - 4 javelins
 J - a throwing net
Armour
 a - a +0 hat (worn)
 d - an orb of light (worn)
 l - a +1 pair of boots (worn)
 w - the +9 scale mail "Tiata" (worn) {Dex+5}
   (You found it on level 3 of the Dungeon)

   Dex+5:     It affects your dexterity (+5).
 R - a +2 cloak (worn)
Jewellery
 P - an amulet of magic regeneration
Wands
 h - a wand of flame (29)
 p - a wand of roots (41)
 v - a wand of charming (6)
 y - a wand of mindburst (25)
 B - a wand of acid (6)
Scrolls
 i - a scroll of revelation {unknown}
 j - 4 scrolls of torment
 k - a scroll of fear {unknown}
 n - 3 scrolls of fog
 t - a scroll of immolation {unknown}
 u - 4 scrolls of teleportation
 C - a scroll of acquirement {unknown}
 E - a scroll of summoning {unknown}
 I - a scroll of silence {unknown}
 K - a scroll of blinking
 L - 2 scrolls of poison
 M - 2 scrolls of vulnerability
 N - a scroll of enchant armour
 Q - 2 scrolls of enchant weapon
 S - a scroll of identify
Potions
 b - 3 potions of mutation
 c - 9 potions of ambrosia
 e - 3 potions of haste
 f - 3 potions of enlightenment
 g - 2 potions of curing
 o - 3 potions of attraction {unknown}
 q - a potion of degeneration {unknown}
 r - a potion of resistance {unknown}
 s - 4 potions of lignification
 x - 2 potions of heal wounds {unknown}
 z - a potion of brilliance {unknown}
 A - a potion of magic {unknown}
 D - a potion of cancellation {unknown}
 F - 3 potions of might


   Skills:
 + Level 11.0 Fighting
 + Level 16.5 Axes
 + Level 9.7 Armour
 + Level 5.6 Dodging
 + Level 3.3 Stealth


You had 11 spell levels left.
You didn't know any spells.
Your spell library contained the following spells:

 Spells                   Type           Power      Damage    Failure   Level
 Slow                     Hex            0%         N/A       67%         1
 Blink                    Tloc           0%         N/A       80%         2
 Ensorcelled Hibernation  Hex/Ice        0%         N/A       80%         2
 Jinxbite                 Hex            0%         N/A       80%         2
 Lesser Beckoning         Tloc           0%         N/A       80%         2
 Momentum Strike          Conj/Tloc      0%         3d8       80%         2
 Confusing Touch          Hex            0%         N/A       95%         3
 Sigil of Binding         Hex            0%         N/A       95%         3
 Tukima's Dance           Hex            0%         N/A       95%         3
 Vampiric Draining        Necr           0%         2d6       95%         3
 Anguish                  Hex/Necr       0%         N/A       100%        4
 Olgreb's Toxic Radiance  Pois           0%         N/A       100%        4
 Passage of Golubria      Tloc           0%         N/A       100%        4
 Alistair's Intoxication  Tmut/Pois      0%         N/A       100%        5
 Borgnjor's Vile Clutch   Necr/Erth      0%         N/A       100%        5
 Silence                  Hex/Air        0%         N/A       100%        5
 Yara's Violent Unravell  Hex/Tmut       0%         3d3       100%        5
 Eringya's Noxious Bog    Tmut/Pois      0%         4d6       100%        6
 Discord                  Hex            0%         N/A       100%        8
 Ignition                 Fire           0%         3d3       100%        8
 Lehudib's Crystal Spear  Conj/Erth      0%         10d2      100%        8


Dungeon Overview and Level Annotations

Branches:
Dungeon (10/15)            Temple (1/1) D:4             Orc (2/2) D:9
    Elf (0/3) Orc:2       Ossuary (visited)         Volcano (1/1)
   Lair: D:8-11

Altars:
Ashenzari
Cheibriados
Dithmenos
Elyvilon
Fedhas
Hepliaklqana
Kikubaaqudgha
Makhleb
Nemelex Xobeh
Okawaru
Qazlal
Ru
Sif Muna
Trog
Uskayaw
Vehumet
Wu Jian
Xom
Yredelemnul
Zin
The Shining One

Shops:
D:8 (   D:9 ?

Annotations:
D:3 1 runed translucent door, Crazy Yiuf


Message History

The gargoyle hurls a stone arrow at you.
The stone arrow hits you.
* * * LOW HITPOINT WARNING * * *
You hit the gargoyle but do no damage.
The gargoyle is almost destroyed.
The gargoyle closely misses you.
You slash the gargoyle!
You destroy the gargoyle!
Beogh accepts your kill. The anaconda skeleton grabs you.
The anaconda skeleton bites you!
* * * LOW HITPOINT WARNING * * *
The anaconda skeleton constricts you.
You have reached level 12!
You slice the anaconda skeleton!!
The anaconda skeleton is severely damaged.
The anaconda skeleton misses you. The anaconda skeleton constricts you.
* * * LOW HITPOINT WARNING * * *
You slash the anaconda skeleton!
The anaconda skeleton is almost destroyed.
The anaconda skeleton bites you but does no damage.
The anaconda skeleton constricts you.
* * * LOW HITPOINT WARNING * * *
You slash the anaconda skeleton!
The anaconda skeleton is almost destroyed.
The anaconda skeleton bites you but does no damage.
The anaconda skeleton constricts you.
* * * LOW HITPOINT WARNING * * *
You hit the anaconda skeleton.
The anaconda skeleton is almost destroyed.
The anaconda skeleton bites you but does no damage.
The anaconda skeleton constricts you.
You slash the anaconda skeleton!
You destroy the anaconda skeleton!
Beogh accepts your kill.
Your Fighting skill increases to level 11!
You slash the alligator skeleton!
The alligator skeleton is moderately damaged.
The alligator skeleton bites you but does no damage.
The alligator skeleton tail-slaps you!
You die...

#### ##... #### ###....
#... ###...... ##.∩.#
####.......≈ # .....
####....§.§≈≈≈≈ ... ...
##.#.....§≈§≈§≈≈
#.#..#.###.≈..§§≈≈§≈≈≈≈≈≈
#.....ZZ@.....§≈≈≈≈≈≈≈≈≈§
#.#..#Z###.≈....≈§§≈≈≈≈§§
... ... ##....≈≈§≈≈≈≈§≈§
# ..... ###≈≈≈≈≈§≈≈≈§§§
#.##.# ##§§≈≈≈§≈≈§§§ # #.
##§≈≈≈≈≈§§ #. #≈≈≈≈≈≈ #.
##≈≈§≈ #≈§≈


You could see an alligator skeleton and 2 spriggan skeletons.

Vanquished Creatures
  Erica (Orc:1)
  A two-headed ogre (D:8)
  A skeletal warrior (Volcano)
  An anaconda skeleton (Volcano)
  An orc knight (Orc:2)
  4 orc sorcerers
  A cyclops (Orc:2)
  Maurice (D:10)
  Joseph (D:9)
  2 gargoyles (Volcano)
  2 unseen horrors (D:10)
  A kobold demonologist (D:6)
  A queen bee (Orc:1)
  3 trolls
  2 hornets (D:9)
  2 flying skulls (Volcano)
  3 yaks (D:10)
  3 wyverns
  4 vampire mosquitoes
  5 acid dragons
  A water moccasin (D:9)
  4 orc warriors
  A sky beast (D:7)
  4 ogres
  4 centaurs
  2 kobold brigands
  3 bullfrogs
  A gnoll sergeant (D:6)
  21 killer bees
  2 howler monkeys
  2 jellies (D:6)
  4 hounds
  4 orc priests
  4 iguanas
  Jessica (D:3)
  2 gnoll boudas
  10 orc wizards
  A mummy (Ossuary)
  9 gnolls
  7 adders
  2 shadow imps
  4 worms
  A dart slug (D:1)
  22 orcs
  3 spectral bats (Ossuary)
  3 endoplasms
  6 giant cockroaches
  6 goblins
  8 hobgoblins
  13 kobolds
  4 quokkas
  5 ball pythons
  7 bats
  4 bat simulacra (Ossuary)
  2 frilled lizards (D:1)
  12 gnoll zombies (Ossuary)
  6 goblin simulacra (Ossuary)
  5 goblin zombies (Ossuary)
  5 hobgoblin zombies (Ossuary)
  2 kobold simulacra (Ossuary)
  3 kobold zombies (Ossuary)
  5 orc zombies (Ossuary)
  7 rats
  6 rat simulacra (Ossuary)
  2 spectral goblins (Ossuary)
  4 spectral kobolds
  2 spectral rats (Ossuary)
276 creatures vanquished.

Vanquished Creatures (collateral kills)
  A troll (Orc:1)
  A yak (D:10)
  A wraith (D:10)
  2 vampire mosquitoes (D:10)
  2 orc warriors
  2 ogres
  6 killer bees (Orc:1)
  An orc priest (Orc:1)
  2 gnolls (D:9)
  8 orcs
  A kobold (D:9)
27 creatures vanquished.

Vanquished Creatures (others)
  An orc knight (Orc:1)
  6 orc warriors
  3 orc priests
  2 orc wizards
  An adder (D:5)
  15 orcs
28 creatures vanquished.

Grand Total: 331 creatures vanquished

Notes
Turn   | Place    | Note
-------+----------+-------------------------------------------
     0 | D:1      | Pixllover the Hill Orc Monk began the quest for the Orb.
     0 | D:1      | Reached XP level 1. HP: 19/19 MP: 1/1
   204 | D:1      | Reached XP level 2. HP: 23/27 MP: 2/2
   437 | D:1      | Reached XP level 3. HP: 33/33 MP: 3/3
  1141 | D:2      | Reached skill level 5 in Axes
  1141 | D:2      | Reached XP level 4. HP: 33/40 MP: 4/4
  1272 | D:2      | Found a faded altar of an unknown god.
  1841 | D:3      | Identified the +9 scale mail "Tiata" {Dex+5}
  2270 | D:3      | Found a runed translucent door.
  2271 | D:3      | Noticed Crazy Yiuf
  2302 | D:3      | Noticed Jessica
  2315 | D:3      | Killed Jessica
  2316 | D:3      | Reached XP level 5. HP: 40/47 MP: 5/5
  2783 | D:4      | Noticed an ogre
  2796 | D:4      | Killed an ogre
  2797 | D:4      | Reached skill level 6 in Axes
  2825 | D:4      | Found a glowing silver altar of Zin.
  2871 | D:4      | Reached skill level 5 in Fighting
  2871 | D:4      | Reached XP level 6. HP: 55/56 MP: 6/6
  2898 | D:4      | Found a sacrificial altar of Ru.
  3053 | D:4      | Found a sand-covered staircase.
  3062 | Ossuary  | Entered an ossuary
  3251 | Ossuary  | Reached skill level 1 in Armour
  3565 | D:4      | Found a staircase to the Ecumenical Temple.
  3584 | D:4      | Reached skill level 7 in Axes
  3614 | Temple   | Entered the Ecumenical Temple
  3787 | D:4      | Reached XP level 7. HP: 48/61 MP: 7/7
  3978 | D:4      | Found a white marble altar of Elyvilon.
  4138 | D:4      | Found a hide-covered altar of Uskayaw.
  4190 | D:5      | Entered Level 5 of the Dungeon
  4279 | D:5      | Became a worshipper of Beogh the Brigand
  4279 | D:5      | Reached * piety under Beogh
  4279 | D:5      | Reached ** piety under Beogh
  4644 | D:5      | Noticed a wyvern
  4650 | D:5      | Killed a wyvern
  4651 | D:5      | Reached skill level 8 in Axes
  5113 | D:5      | Found a sparkling altar of Nemelex Xobeh.
  5512 | D:6      | Reached skill level 1 in Stealth
  5518 | D:6      | Reached XP level 8. HP: 64/70 MP: 8/8
  5653 | D:6      | Found a broken altar of Ashenzari.
  5857 | D:6      | Reached skill level 9 in Axes
  5976 | D:6      | Noticed a troll
  5978 | D:6      | Noticed a kobold demonologist
  5981 | D:6      | Killed a troll
  5988 | D:6      | Killed a kobold demonologist
  5989 | D:6      | Reached skill level 10 in Axes
  6458 | D:7      | Reached skill level 11 in Axes
  6458 | D:7      | Reached XP level 9. HP: 72/78 MP: 9/9
  6973 | D:7      | Reached skill level 5 in Armour
  7161 | D:8      | Found Laegg's Weapon Shoppe.
  7295 | D:8      | Reached *** piety under Beogh
  7343 | D:8      | Noticed a two-headed ogre
  7362 | D:8      | Reached skill level 12 in Axes
  7986 | D:8      | Killed a two-headed ogre
  7987 | D:8      | Reached XP level 10. HP: 57/88 MP: 10/10
  8609 | D:9      | Reached skill level 13 in Axes
  8838 | D:9      | Found a staircase to the Orcish Mines.
  8856 | D:9      | Found Eghuonal's Magic Scroll Shoppe.
  8867 | D:9      | Bought a scroll of identify for 28 gold pieces
  8867 | D:9      | Bought a scroll of identify for 28 gold pieces
  9071 | D:9      | Bought a scroll of poison for 56 gold pieces
  9231 | D:9      | Reached skill level 5 in Dodging
  9356 | D:10     | Entered Level 10 of the Dungeon
  9416 | D:10     | Found a hazy altar of Hepliaklqana.
  9514 | D:10     | Noticed an unseen horror
  9518 | D:10     | Killed an unseen horror
  9527 | D:10     | Reached skill level 14 in Axes
  9590 | D:10     | Found a radiant altar of Vehumet.
  9813 | D:10     | Noticed an unseen horror
  9823 | D:10     | Killed an unseen horror
  9853 | D:10     | Reached **** piety under Beogh
 10106 | D:10     | Noticed Maurice
 10110 | D:10     | Maurice stole an amulet of magic regeneration
 10111 | D:10     | Maurice stole 12 poisoned darts
 10124 | D:10     | Killed Maurice
 10125 | D:10     | Reached XP level 11. HP: 74/97 MP: 11/11
 10424 | D:10     | Reached skill level 15 in Axes
 10727 | D:9      | Noticed Joseph
 10736 | D:9      | Killed Joseph
 10743 | Orc:1    | Entered Level 1 of the Orcish Mines
 10746 | Orc:1    | Noticed Erica
 10758 | Orc:1    | Killed Erica
 10766 | Orc:1    | Reached skill level 10 in Fighting
 11242 | Orc:1    | Noticed an orc sorcerer
 11620 | Orc:1    | Found a radiant altar of Vehumet.
 11793 | Orc:2    | Entered Level 2 of the Orcish Mines
 11793 | Orc:2    | Noticed an orc sorcerer
 11793 | Orc:2    | Noticed a cyclops
 11793 | Orc:2    | Found a staircase to the Elven Halls.
 11799 | Orc:2    | Killed a cyclops
 11804 | Orc:2    | Noticed an orc sorcerer
 11806 | Orc:2    | Killed an orc sorcerer
 11815 | Orc:2    | HP: 3/95 [orc sorcerer/bolt of negative energy (34)]
 11818 | Orc:2    | Killed an orc sorcerer
 11818 | Orc:2    | Reached ***** piety under Beogh
 12061 | Orc:2    | Found a dark tunnel.
 12082 | Orc:2    | Noticed an orc knight
 12083 | Orc:2    | Noticed an orc sorcerer
 12093 | Orc:2    | Killed an orc knight
 12094 | Orc:2    | Reached skill level 16 in Axes
 12189 | Volcano  | Entered a volcano
 12255 | Volcano  | Noticed a skeletal warrior
 12284 | Volcano  | Killed a skeletal warrior
 12301 | Volcano  | HP: 5/101 [anaconda skeleton (8)]
 12302 | Volcano  | Reached XP level 12. HP: 5/108 MP: 12/12
 12303 | Volcano  | HP: 2/108 [constriction (2)]
 12307 | Volcano  | Slain by an alligator skeleton

Illustrated notes

Levels and vault maps discovered:
D:1:      elethiomel_arrival_fortress_basement, layout_basic
D:2:      layout_rooms, basic_ecumenical_altar
D:3:      layout_loops_corners, columned_hall_lemuel, hangedman_feature_mirror,
          uniq_crazy_yiuf_cottage, uniq_jessica
D:4:      layout_gridville, mainiacjoe_overflow_cross_hatched,
          nicolae_overflow_hidden_temple, minmay_temple_entry_statues_fountains,
          chequers_ossuary_entry_cave
D:5:      layout_layer_cave, mainiacjoe_overflow_alcove_4
D:6:      minmay_cornered_nines, layout_loops_ring,
          mainiacjoe_overflow_tiny_flanked, kennysheep_windowed_goal
D:7:      layout_cave_pools
D:8:      layout_loops_ring, serial_shops, nicolae_shop_bloodbath_and_beyond
D:9:      layout_basic, david_orc_2, serial_curves, eino_curves_02,
          eino_curves_01, eino_curves_03, eino_curves_03, serial_shops, shop,
          amcnicky_mini_pool_small, st_stairs_14, uniq_joseph
D:10:     nicolae_hitomezashi [nicolae_hito_row, nicolae_hito_row,
          nicolae_hito_row, nicolae_hito_row, nicolae_hito_row,
          nicolae_hito_row, nicolae_hito_row, nicolae_hito_row,
          nicolae_hito_row, nicolae_hito_row, nicolae_hito_row,
          nicolae_hito_row, nicolae_hito_row, nicolae_hito_row,
          nicolae_hito_row, nicolae_hito_row, nicolae_hito_row,
          nicolae_hito_row], layout_basic,
          nicolae_hepliaklqana_monster_ancestors, nicolae_vehumet_radiance,
          corexii_checkpoint, grunt_ministairs_7, minmay_liquid_box,
          kennysheep_generic_room_11, uniq_maurice
Temple:   dshaligram_water_room_temple
Orc:1:    layout_diamond_mine, basic_altar, special_room [special_room_bee],
          uniq_erica
Orc:2:    st_orc_congregation, layout_caves, nicolae_volcano_entry_lava_flow
Volcano:  volcano_tomb [vts_chambers]

Skill      XL: |  1  2  3  4  5  6  7  8  9 10 11 12 |
---------------+-------------------------------------+-----
Fighting       | 4 5 6 7 9 10 11 | 11.0
Dodging        | 3 4 5 |  5.6
Axes           | 5 6 7 8 11 12 14 16 | 16.5
Armour         | 1 2 4 6 8 9 |  9.7
Stealth        | 1 2 3 |  3.3

Action                     |  1- 3 |  4- 6 |  7- 9 | 10-12 || total
---------------------------+-------+-------+-------+-------++-------
  Melee: Hand axe          |   100 |   310 |    17 |       ||   427
         War axe           |       |       |   158 |   294 ||   452
 Invoke: Convert to Beogh  |       |       |     1 |       ||     1
    Use: Scroll            |       |     1 |    13 |     2 ||    16
         Potion            |       |       |     1 |     3 ||     4
   Stab: Distracted        |       |       |       |     5 ||     5
 Armour: Robe              |    66 |    33 |       |       ||    99
         Scale mail        |       |   122 |   171 |   223 ||   516
  Dodge: Dodged            |    77 |   158 |   122 |   149 ||   506

Table legend: (Time is in decaauts)
 A = Elapsed time spent in this place.
 B = Non-inter-level travel time spent in this place.
 C = Inter-level travel time spent in this place.
 D = Time resting spent in this place.
 E = Time spent auto-exploring this place.
 F = Levels seen in this place.
 G = Mean time per level.
                   A        B        C        D        E       F      G
               +--------+--------+--------+--------+--------+-----+--------+
         Total |  12228 |  11809 |    419 |   1652 |   6510 |  15 |  815.2 |
       Dungeon |  10190 |   9805 |    385 |    908 |   6125 |  10 | 1019.0 |
        Temple |     31 |     31 |      0 |      0 |      0 |   1 |   31.0 |
  Orcish Mines |   1423 |   1389 |     34 |    744 |    286 |   2 |  711.5 |
       Ossuary |    483 |    483 |      0 |      0 |     99 |   1 |  483.0 |
       Volcano |    100 |    100 |      0 |      0 |      0 |   1 |  100.0 |
               +--------+--------+--------+--------+--------+-----+--------+

Top non-repeatable levels by time:
    D:10: 1350 daAuts
     D:3: 1268 daAuts
     D:5: 1191 daAuts
     D:7: 1088 daAuts
     D:8: 1073 daAuts
   Orc:1: 1036 daAuts
     D:6: 1030 daAuts
     D:4: 886 daAuts
     D:2: 843 daAuts
     D:9: 779 daAuts
     D:1: 677 daAuts
 Ossuary: 483 daAuts
   Orc:2: 386 daAuts
 Volcano: 100 daAuts
  Temple: 31 daAuts
